 Dungeon Crawl Stone Soup version 0.28-a0-845-gfc338a8e3c (webtiles) character file.

Game seed: 12545297648365425344

172 croobank the Chopper (level 5, -2/47 HPs)
             Began as a Hill Orc Monk on Nov 13, 2021.
             Was a Priest of Zin.
             Killed by an exploding Sigmund (29 damage)
             ... ignited by their inner flame
             ... on level 4 of the Dungeon.
             The game lasted 00:15:56 (3852 turns).

croobank the Chopper (Hill Orc Monk)                Turns: 3852, Time: 00:16:01

Health: -2/47      AC:  0    Str: 15    XL:     5   Next: 53%
Magic:  5/5        EV: 20    Int: 10    God:    Zin [***...]
Gold:   118        SH:  0    Dex: 18    Spells: 4/4 levels left

rFire   . . .      SeeInvis .   (weapon currently unavailable)
rCold   . . .      Faith    .   (shield currently unavailable)
rNeg    . . .      Spirit   .   (armour currently unavailable)
rPois   .          Reflect  .   (helmet currently unavailable)
rElec   .          Harm     .   (cloak currently unavailable)
rCorr   .          Rampage  .   (gloves currently unavailable)
Will    .....                   (boots currently unavailable)
Stlth   ++........              (no amulet)
HPRegen 0.15/turn               (ring currently unavailable)
MPRegen 0.09/turn               (ring currently unavailable)

@: bat-form (expiring), flying, invisible (expiring), very quick
A: fast, flying, no casting, tiny
a: Renounce Religion, Recite, Vitalisation, Imprison, Donate Gold


You were on level 4 of the Dungeon.
You worshipped Zin.
Zin was most pleased with you.
You were a bat.
You visited 1 branch of the dungeon, and saw 4 of its levels.

You collected 222 gold pieces.
You donated 104 gold pieces to Zin.

Inventory:

Hand Weapons
 a - a +0 hand axe (melded)
 m - a +0 long sword
Missiles
 g - 8 poisoned darts (quivered)
Armour
 b - a +0 robe
 h - a +0 pair of boots (melded)
 j - a +0 leather armour (melded)
Jewellery
 i - a +6 ring of strength
Scrolls
 c - a scroll of enchant armour
 e - a scroll of immolation
 l - a scroll of blinking {unknown}
Potions
 f - a potion of ambrosia
 k - a potion of heal wounds


   Skills:
 + Level 4.4 Fighting
 + Level 5.9 Axes
 + Level 0.2 Throwing
 + Level 1.2 Armour
 + Level 2.9 Dodging
 + Level 2.4 Stealth


You had 4 spell levels left.
You didn't know any spells.
Your spell library was empty.

Dungeon Overview and Level Annotations

Branches:
Dungeon (4/15)
 Temple: D:4-7

Altars:
Fedhas
Wu Jian
Zin


Message History

Something closely misses you.
You miss something. You hit something. You hit something but do no damage.
Something closely misses you.
You hit something. You hit something but do no damage. Something hits you!
You hit something but do no damage. You hit something.
You closely miss something.
Your extra speed is starting to run out.
Something barely misses you.
You hit something. You completely miss something. Something closely misses you.
You hit something. You hit something. Something closely misses you.
You miss something. You hit something. You hit something.
Something closely misses you.
You barely miss something. You hit something.
You feel yourself slow down.
You hear a zap.
Something tries to affect you, but you resist.
You hit something but do no damage.
You hear a zap.
The now-empty wand crumbles to dust.
You closely miss something.
You flicker for a moment.
Something hits you!
As you read the scroll labelled WEQAUG TUPHOE, it crumbles to dust.
The creatures around you are filled with an inner flame!
It was a scroll of immolation.
You hit something.
Flame seeps out of something.
Your transformation is almost over.
Reactivating autopickup.
You feel a bit more experienced.
Sigmund explodes!
The fiery explosion engulfs you!!
Ouch! That really hurt!
You die...

#'#######......#
...............#
....)..........#
...............#####
...................#
...................####
..#####........§§§....#
#'#####........§○§....#
.....##.......#§b.....#
.....##.......#.......#
....>.....................
..........................
#......÷###...#.......##...
......................# ...
######.#................ ..
.......#................
###...##.###...........


There were no monsters in sight!

Vanquished Creatures
  Sigmund (D:4)
  A hound (D:3)
  An iguana (D:4)
  5 adders
  A worm (D:2)
  2 dart slugs (D:1)
  6 ball pythons
  3 bats
  3 endoplasms
  2 giant cockroaches
  9 goblins
  4 hobgoblins
  4 quokkas
  2 frilled lizards (D:3)
  6 kobolds
  23 rats
73 creatures vanquished.

Notes
Turn   | Place    | Note
-------+----------+-------------------------------------------
     0 | D:1      | croobank the Hill Orc Monk began the quest for the Orb.
     0 | D:1      | Reached XP level 1. HP: 19/19 MP: 1/1
   178 | D:1      | Reached XP level 2. HP: 18/27 MP: 2/2
  1094 | D:1      | Reached XP level 3. HP: 32/33 MP: 3/3
  1399 | D:2      | Reached skill level 5 in Axes
  1746 | D:2      | Reached XP level 4. HP: 35/40 MP: 4/4
  2557 | D:3      | Found a blossoming altar of Fedhas.
  2588 | D:3      | Reached XP level 5. HP: 36/46 MP: 5/5
  2892 | D:3      | Found a glowing silver altar of Zin.
  2903 | D:3      | Became a worshipper of Zin the Law-Giver
  2903 | D:3      | Reached * piety under Zin
  2903 | D:3      | Reached ** piety under Zin
  2904 | D:3      | Donated 82 gold pieces to Zin
  3085 | D:3      | Found an ornate altar of the Wu Jian Council.
  3091 | D:3      | Noticed a spectral centipede
  3091 | D:3      | Noticed a spectral black mamba
  3091 | D:3      | Noticed a spectral cane toad
  3329 | D:4      | Reached *** piety under Zin
  3508 | D:4      | Reached skill level 1 in Armour
  3791 | D:4      | Noticed Sigmund
  3852 | D:4      | Killed Sigmund
  3852 | D:4      | Killed by an exploding Sigmund... ignited by their inner
                  | flame

Illustrated notes

Levels and vault maps discovered:
D:1:      dpeg_arrival_tiny_d, layout_basic, chequers_garden,
          minmay_small_reverse_x
D:2:      layout_loops_ring, minmay_misc_feat_nine_boxes, minmay_rat_hole
D:3:      layout_basic, pdpol_wu_jian_five_deadly_venoms, lemuel_crystal_altar,
          lemuel_round_altar, serial_bayou_lagoon_a
D:4:      layout_basic, uniq_sigmund

Skill      XL: |  1  2  3  4  5 |
---------------+----------------+-----
Fighting       | 4 |  4.4
Stealth        | 2 |  2.4
Axes           | 5 |  5.9
Armour         | 1 |  1.2
Throwing       | |  0.2
Dodging        | |  2.9

Action                   |  1- 3 |  4- 6 || total
-------------------------+-------+-------++-------
Melee: Hand axe          |    90 |   147 ||   237
       Unarmed           |       |    23 ||    23
Throw: Dart              |     4 |       ||     4
Invok: Donate Gold       |       |     1 ||     1
  Use: Scroll            |     2 |     2 ||     4
       Potion            |       |     3 ||     3
 Stab: Sleeping          |     9 |     2 ||    11
Armor: Robe              |    10 |     7 ||    17
       Leather armour    |       |    17 ||    17
Dodge: Dodged            |    35 |    88 ||   123

Table legend: (Time is in decaauts)
 A = Elapsed time spent in this place.
 B = Non-inter-level travel time spent in this place.
 C = Inter-level travel time spent in this place.
 D = Time resting spent in this place.
 E = Time spent auto-exploring this place.
 F = Levels seen in this place.
 G = Mean time per level.
                   A        B        C        D        E       F      G
               +--------+--------+--------+--------+--------+-----+--------+
         Total |   3844 |   3797 |     47 |    829 |   2267 |   4 |  961.0 |
       Dungeon |   3844 |   3797 |     47 |    829 |   2267 |   4 |  961.0 |
               +--------+--------+--------+--------+--------+-----+--------+

Top non-repeatable levels by time:
     D:3: 1150 daAuts
     D:1: 1139 daAuts
     D:2: 1123 daAuts
     D:4: 431 daAuts
